 Dungeon Crawl Stone Soup version 0.31-a0-365-gcf821cafb2 (webtiles) character file.

Game seed: 1444968895565804277

4847 hashsling the Fighter (level 10, -12/103 HPs)
             Began as a Minotaur Fighter on July 27, 2023.
             Was a Follower of Okawaru.
             Mangled by a yak (13 damage)
             ... on level 9 of the Dungeon.
             The game lasted 00:21:33 (7010 turns).

hashsling the Fighter (Minotaur Fighter)            Turns: 7010, Time: 00:21:35

Health: -12/103    AC: 19    Str: 26    XL:     10   Next: 25%
Magic:  7/9        EV:  9    Int: 11    God:    Okawaru [*.....]
Gold:   329        SH: 15    Dex:  9    Spells: 9/9 levels left

rFire   + + .        L - +3 trident (freeze)
rCold   . . .        p - +0 tower shield
rNeg    . . .        z - +2 chain mail {rF+}
rPois   .            G - +0 hat
rElec   .            a - +1 cloak
rCorr   .            h - +0 pair of gloves
SInv    .            k - +0 pair of boots
Will    .....        (no amulet) Stlth
                     y - +6 ring of intelligence
HPRegen 0.37/turn    I - ring of protection from fire
MPRegen 0.11/turn

%: no passive effects
@: heroic
A: horns 2, retaliatory headbutt
a: Renounce Religion, Heroism


You were on level 9 of the Dungeon.
You worshipped Okawaru.
Okawaru was aware of your devotion.
You visited 2 branches of the dungeon, and saw 10 of its levels.

You collected 329 gold pieces.

Inventory:

Hand Weapons
 b - a +2 short sword of draining
 D - a +0 orcbow
 H - the +1 long sword of Growth {antimagic, *Rage Dex+6}
   (You found it on level 8 of the Dungeon)

   Dex:       It affects your dexterity (+6).
   *Rage:     It berserks you when you make melee attacks (+20% chance).
 L - a +3 trident of freezing (weapon)
 O - a +0 heavy long sword
Missiles
 r - 10 javelins (quivered)
 s - 30 poisoned darts
 A - 3 curare-tipped darts
Armour
 a - a +1 cloak (worn)
 h - a +0 pair of gloves (worn)
 k - a +0 pair of boots (worn)
 p - a +0 tower shield (worn)
 z - a +2 chain mail of fire resistance (worn)
 G - a +0 hat (worn)
Jewellery
 y - a +6 ring of intelligence (left hand)
 I - a ring of protection from fire (right hand)
Wands
 w - a wand of flame (27)
 E - a wand of mindburst (15)
 M - a wand of polymorph (12)
 P - a wand of paralysis (4)
 Q - a wand of roots (3)
Scrolls
 f - 4 scrolls of teleportation {unknown}
 g - 2 scrolls of immolation {unknown}
 i - 2 scrolls of blinking {unknown}
 o - 4 scrolls of acquirement {unknown}
 q - 3 scrolls of identify {unknown}
 t - 5 scrolls of vulnerability {unknown}
 v - 2 scrolls of fear {unknown}
 x - a scroll of revelation {unknown}
 F - a scroll of enchant armour {unknown}
 J - a scroll of fog {unknown}
 K - a scroll of noise {unknown}
Potions
 c - a potion of cancellation {unknown}
 d - 3 potions of might
 e - 3 potions of heal wounds {unknown}
 j - 2 potions of degeneration
 m - 2 potions of haste {unknown}
 n - a potion of magic
 u - a potion of attraction {unknown}
 B - 3 potions of enlightenment {unknown}
 C - a potion of curing
 N - a potion of brilliance {unknown}


   Skills:
 + Level 14.0(19.0) Fighting
 - Level 3.0(11.5) Axes
 * Level 9.1(14.3) Polearms
 + Level 6.1(11.1) Armour
 - Level 1.0(6.0) Dodging
 + Level 6.1(11.1) Shields


You had 9 spell levels left.
You didn't know any spells.
Your spell library contained the following spells:

 Spells                   Type           Power      Damage    Failure   Level
 Shock                    Conj/Air       0%         1d3       98%         1
 Cigotuvi's Dreadful Rot  Necr/Pois/Air  0%         N/A       99%         2
 Sublimation of Blood     Necr           0%         N/A       99%         2
 Inner Flame              Hex/Fire       0%         N/A       100%        3
 Swiftness                Air            0%         N/A       100%        3
 Airstrike                Air            0%         2d(0-16)  100%        4
 Flame Wave               Conj/Fire      0%         2d4       100%        4
 Passage of Golubria      Tloc           0%         N/A       100%        4
 Petrify                  Tmut/Erth      0%         N/A       100%        4
 Sticky Flame             Conj/Fire      0%         2d3       100%        4
 Irradiate                Conj/Tmut      0%         3d11      100%        5
 Yara's Violent Unravell  Hex/Tmut       0%         3d3       100%        5
 Tukima's Dance           Hex            Unusable   N/A       N/A         3

Dungeon Overview and Level Annotations

Branches:
Dungeon (9/15)             Temple (1/1) D:5
   Lair: D:8-11         Orc: D:9-12

Altars:
Ashenzari
Cheibriados
Dithmenos
Elyvilon
Fedhas
Gozag
Hepliaklqana
Kikubaaqudgha
Makhleb
Nemelex Xobeh
Okawaru
Qazlal
Ru
Sif Muna
Trog
Uskayaw
Vehumet
Wu Jian
Xom
Yredelemnul
Zin
The Shining One

Shops:
D:3 *


Innate Abilities, Weirdness & Mutations

You have a pair of horns on your head.
You reflexively headbutt those who attack you in melee.


Message History

You block the yak's attack. x2
Training target 1.0 for Dodging reached!
Your Dodging skill increases to level 1!
You barely miss the yak. You headbutt the yak, but do no damage.
The yak gores you. The yak gores you but does no damage. The yak gores you!
You puncture the yak! You freeze the yak.
The yak is moderately wounded.
The yak snorts and paws the ground.
The yak gores you but does no damage. You block the yak's attack.
The yak gores you. x4
You hit the yak but do no damage.
The yak is moderately wounded.
You block the yak's attack. The yak barely misses you.
The yak gores you but does no damage.
You barely miss the yak.
The yak is moderately wounded.
The yak gores you but does no damage. The yak gores you!
You block the yak's attack.
You barely miss the yak. You headbutt the yak!
The yak is heavily wounded.
The yak gores you!
* * * LOW HITPOINT WARNING * * *
The yak gores you.
* * * LOW HITPOINT WARNING * * *
The yak gores you!
* * * LOW HITPOINT WARNING * * *
Okay, then.
You gain the combat prowess of a mighty hero.
The yak gores you.
* * * LOW HITPOINT WARNING * * *
You block the yak's attack. The yak gores you but does no damage.
You feel better.
You block the yak's attack. x2; The yak closely misses you.
You puncture the yak! You freeze the yak. You headbutt the yak.
You kill the yak!
Okawaru accepts your kill. The yak gores you.
* * * LOW HITPOINT WARNING * * *
A wight comes into view.
It is wielding a +4 battleaxe of freezing.
The yak gores you!
You die...

#.........# #...
#....<....# #...
#..YY.....# #...
#.........# #...
#.........# #...
#.........# #...
#...z.....#
#..Y####.........#
#.YY@†...........#
#..####..........#
#. #..........# ..
#............ ..
#...######$.. ##
#...# .# #...#
#...#


You could see 3 yaks and a wight (wandering).

Vanquished Creatures
  Pikel (D:8)
  A troll (D:5)
  Prince Ribbit (D:6)
  Grinder (D:6)
  Sigmund (D:6)
  6 yaks
  A steam dragon (D:6)
  Menkaure (D:6)
  2 water moccasins (D:5)
  A sky beast (D:7)
  2 orc warriors (D:7)
  2 centaurs
  An ogre (D:5)
  A phantom (D:5)
  4 kobold brigands
  3 bullfrogs
  A gnoll sergeant (D:5)
  4 scorpions
  4 wights (D:8)
  4 howler monkeys
  3 hounds
  2 jellies (D:6)
  A sleepcap (D:7)
  An orc priest (D:5)
  Crazy Yiuf (D:7)
  5 iguanas
  5 orc wizards
  8 adders
  3 shadow imps
  2 white imps
  An ufetubus (D:3)
  3 dart slugs (D:2)
  3 worms
  10 orcs
  9 ball pythons
  9 endoplasms
  4 giant cockroaches
  12 goblins
  14 hobgoblins
  3 jackals (D:4)
  43 kobolds
  5 quokkas
  4 bats
  5 frilled lizards
  6 rats
204 creatures vanquished.

Notes
Turn   | Place    | Note
-------+----------+-------------------------------------------
     0 | D:1      | hashsling the Minotaur Fighter began the quest for the Orb.
     0 | D:1      | Reached XP level 1. HP: 19/19 MP: 0/0
   155 | D:1      | Reached XP level 2. HP: 22/27 MP: 1/1
   157 | D:1      | Reached skill level 4 in Fighting
   399 | D:1      | Reached XP level 3. HP: 33/33 MP: 2/2
   871 | D:2      | Identified the +0 scale mail of Eternal Vigilance {rCorr
                  | Str-3 Int+2 Stlth+}
  1070 | D:2      | Reached XP level 4. HP: 39/41 MP: 3/3
  1071 | D:2      | Reached skill level 5 in Fighting
  1206 | D:2      | Found a faded altar of an unknown god.
  1461 | D:3      | Found Cawemieb's General Store.
  1766 | D:3      | Reached XP level 5. HP: 49/49 MP: 4/4
  2121 | D:4      | Reached skill level 6 in Fighting
  2224 | D:4      | Reached skill level 5 in Shields
  2228 | D:4      | Reached XP level 6. HP: 58/58 MP: 5/5
  2344 | D:4      | Found a sparkling altar of Nemelex Xobeh.
  2516 | D:5      | Entered Level 5 of the Dungeon
  2530 | D:5      | Reached skill level 5 in Armour
  2531 | D:5      | Found a radiant altar of Vehumet.
  2533 | D:5      | Noticed a water moccasin
  2542 | D:5      | Killed a water moccasin
  2543 | D:5      | Reached skill level 7 in Fighting
  2601 | D:5      | Noticed a water moccasin
  2608 | D:5      | Reached skill level 8 in Fighting
  2608 | D:5      | Reached XP level 7. HP: 41/69 MP: 6/6
  2632 | D:5      | Reached skill level 9 in Fighting
  2998 | D:5      | Identified the +0 helmet "Sigoydde" {Str+5}
  3022 | D:5      | Reached skill level 10 in Fighting
  3345 | D:5      | You fall into a shaft and drop 3 floors!
  3366 | D:8      | Noticed Pikel
  3366 | D:8      | Noticed a yak
  3366 | D:8      | Noticed a yak
  3424 | D:8      | Reached XP level 8. HP: 76/80 MP: 7/7
  3527 | D:8      | Identified the +1 long sword of Growth {antimagic, *Rage
                  | Dex+6}
  3539 | D:8      | Reached skill level 11 in Fighting
  3550 | D:8      | Reached skill level 12 in Fighting
  3878 | D:7      | Reached skill level 13 in Fighting
  4203 | D:5      | Reached XP level 9. HP: 93/93 MP: 2/8
  4231 | D:5      | Noticed a troll
  4253 | D:5      | Killed a troll
  4255 | D:5      | Reached skill level 14 in Fighting
  4524 | D:5      | Found a staircase to the Ecumenical Temple.
  4540 | Temple   | Entered the Ecumenical Temple
  4811 | D:6      | Noticed Prince Ribbit
  4816 | D:6      | Killed Prince Ribbit
  4816 | D:6      | Noticed Sigmund
  4825 | D:6      | Killed Sigmund
  4972 | D:6      | Noticed Grinder
  4979 | D:6      | Paralysed by Grinder for 2 turns
  4987 | D:6      | Killed Grinder
  5125 | D:6      | Found a basalt altar of Yredelemnul.
  5125 | D:6      | Found a burning altar of Makhleb.
  5128 | D:6      | Found a glowing golden altar of the Shining One.
  5344 | D:6      | Noticed Menkaure
  5346 | D:6      | Found an iron altar of Okawaru.
  5351 | D:6      | Killed Menkaure
  5352 | D:6      | Reached skill level 5 in Polearms
  5364 | D:6      | Became a worshipper of Warmaster Okawaru
  5712 | D:7      | Found a runed translucent door.
  5713 | D:7      | Noticed Crazy Yiuf
  5719 | D:7      | Killed Crazy Yiuf
  5835 | D:7      | Reached * piety under Okawaru
  5836 | D:7      | Reached XP level 10. HP: 33/103 MP: 9/9
  6105 | D:7      | Found a blossoming altar of Fedhas.
  6215 | D:7      | Found a bloodstained altar of Trog.
  6230 | D:7      | Found a shimmering blue altar of Sif Muna.
  6234 | D:7      | Got Sif Muna's Information on Venom
  6485 | D:8      | Killed Pikel
  7003 | D:9      | Reached skill level 1 in Dodging
  7007 | D:9      | HP: 5/103 [yak (12)]
  7008 | D:9      | HP: 1/103 [yak (4)]
  7010 | D:9      | Mangled by a yak

Illustrated notes

Levels and vault maps discovered:
D:1:      dpeg_arrival_refuge, layout_rooms, serial_bayou_pond_b,
          serial_bayou_pond_c
D:2:      layout_loops_ring, shapermc_ecumenical_altar_notcrosses,
          nicolae_half_adder
D:3:      layout_loops_ring, serial_shops, shop
D:4:      layout_basic, general_overflow_altar
D:5:      kennysheep_kobold_camp, layout_basic, mainiacjoe_overflow_paths,
          temple_pool_b, minmay_chambers_of_fives
D:6:      layout_cave_pods, kennysheep_okawaru_gauntlet,
          grunt_temple_overflow_open, serial_park_tiny_pond, uniq_grinder,
          uniq_prince_ribbit1, uniq_menkaure, uniq_sigmund
D:7:      layout_cave_pools, nzn_overflow_gifts_of_might_and_magic,
          lemuel_tele_altar, uniq_crazy_yiuf_cottage
D:8:      layout_loops_corners, uniq_pikel
D:9:      layout_long_grid
Temple:   nicolae_temple_god_jail

Skill      XL: |  1  2  3  4  5  6  7  8  9 10 |
---------------+-------------------------------+-----
Fighting       | 4 5 6 8 10 13 14 | 14.0
Armour         | 4 5 6 |  6.1
Shields        | 4 5 6 |  6.1
Axes           | 3 |  3.0
Polearms       | 7 9 |  9.1
Dodging        | 1 |  1.0

Action                     |  1- 3 |  4- 6 |  7- 9 | 10-12 || total
---------------------------+-------+-------+-------+-------++-------
  Melee: War axe           |    90 |   133 |    66 |       ||   289
         Headbutt          |    13 |    22 |    52 |    11 ||    98
         Short sword       |       |       |    52 |       ||    52
         Long sword        |       |       |    71 |       ||    71
         Trident           |       |       |   121 |    63 ||   184
 Invoke: Heroism           |       |       |       |     1 ||     1
    Use: Potion            |       |       |     6 |     1 ||     7
 Armour: Scale mail        |    18 |       |       |       ||    18
         Chain mail        |    26 |    64 |   148 |    25 ||   263
  Dodge: Dodged            |    41 |    36 |    61 |    14 ||   152
  Block: Buckler           |    19 |       |       |       ||    19
         Tower shield      |    15 |   101 |   213 |    45 ||   374

Table legend: (Time is in decaauts)
 A = Elapsed time spent in this place.
 B = Non-inter-level travel time spent in this place.
 C = Inter-level travel time spent in this place.
 D = Time resting spent in this place.
 E = Time spent auto-exploring this place.
 F = Levels seen in this place.
 G = Mean time per level.
                   A        B        C        D        E       F      G
               +--------+--------+--------+--------+--------+-----+--------+
         Total |   7333 |   7026 |    307 |      9 |   5272 |  10 |  733.3 |
       Dungeon |   7331 |   7024 |    307 |      9 |   5272 |   9 |  814.6 |
        Temple |      1 |      1 |      0 |      0 |      0 |   1 |    1.0 |
               +--------+--------+--------+--------+--------+-----+--------+

Top non-repeatable levels by time:
     D:5: 1511 daAuts
     D:6: 1134 daAuts
     D:8: 1103 daAuts
     D:7: 922 daAuts
     D:2: 810 daAuts
     D:3: 649 daAuts
     D:1: 638 daAuts
     D:4: 528 daAuts
     D:9: 33 daAuts
  Temple: 1 daAuts
